[Event "Live Chess"]
[Site "Chess.com"]
[Date "2024.06.02"]
[Round "-"]
[White "NeilDruggan73"]
[Black "mrsmarple1968"]
[Result "1-0"]
[WhiteElo "1714"]
[BlackElo "1714"]
[TimeControl "300"]
[EndTime "6:34:22 PDT"]
[Termination "NeilDruggan73 won by resignation"]

1. d4 d5 2. Bg5 Nf6 3. Bxf6 exf6 4. e3 c6 5. Nd2 Bd6 6. Bd3 Be6 7. Ngf3 Qd7 8. h3 Bf5 9. e4 dxe4 10. Nxe4 Bxe4 11.
Bxe4 Qe7 12. O-O O-O 13. Re1 Qc7 14. c3 g6 15. Nh4 Re8 16. Qc2 Qd7 17. Re3 f5 18.
Nxf5 gxf5 19. Bxf5 Qd8 20. Rae1 Qc7 21. Rxe8+ 1-0

[Event "Live Chess"]
[Site "Chess.com"]
[Date "2024.06.02"]
[Round "-"]
[White "degringolade64"]
[Black "Queensandpawns"]
[Result "0-1"]
[WhiteElo "2083"]
[BlackElo "2297"]
[TimeControl "300"]
[EndTime "6:34:50 PDT"]
[Termination "Queensandpawns won by resignation"]

1. e4 d5 2. exd5 c6 3. dxc6 Nxc6 4. Nf3 e5 5. Bb5 e4 6. Ne5 Qd5 7. Bxc6+ bxc6 8. d4 exd3 9. Nxd3 Qxg2 10. Rf1 Bg4 11. Qd2 O-O-O 12. Qa5 Re8+ 13. Ne5 Bb4+ 14. Qxb4 Rxe5+ 15. Be3 Rxe3+ 16. Kd2 Re2+ 17. Kd3 Qf3+ 18. Kc4 Re4+ 0-1

[Event "Live Chess"]
[Site "Chess.com"]
[Date "2024.06.02"]
[Round "-"]
[White "JohanKjeldahl"]
[Black "Dashman93"]
[Result "0-1"]
[WhiteElo "1787"]
[BlackElo "2126"]
[TimeControl "300"]
[EndTime "6:35:08 PDT"]
[Termination "Dashman93 won by resignation"]

1. c4 e5 2. Nc3 Bb4 3. e3 Bxc3 4. dxc3 Nf6 5. Nf3 O-O 6. Nxe5 Re8 7. Nf3 b6 8. Be2 Bb7 9. O-O Nc6 10. b3 Ne4 11. Bb2 Qf6 12. Qc2 Ne5 13. Nxe5 Rxe5 14. Bf3 Rae8 15. Rad1 Rg5 16. Bxe4 Bxe4 0-1

[Event "Live Chess"]
[Site "Chess.com"]
[Date "2024.06.02"]
[Round "-"]
[White "CheckThis4"]
[Black "KeithArkell"]
[Result "1-0"]
[WhiteElo "2691"]
[BlackElo "2434"]
[TimeControl "300"]
[EndTime "6:35:35 PDT"]
[Termination "CheckThis4 won by resignation"]

1. d4 e6 2. e4 d5 3. e5 b6 4. c3 Qd7 5. Nd2 Ba6 6. Bxa6 Nxa6 7. Qg4 Ne7 8. Ne2 Nf5 9. Nf3 h5 10. Qf4 Be7 11. h4 c5 12. a3 Nb8 13. O-O Nc6 14. Ng3 g6 15. b4 cxd4 16. cxd4 Kf8 17. Bd2 Kg7 18. Rac1 Rac8 19. Nxf5+ exf5 20. e6 Qxe6 21. Rfe1 Qd6 22. b5 Na5 23. Ne5 Nc4 24. Bb4 Qc7 25.
Bxe7 Qxe7 26. Nxc4 Qf8 27. Nd6 Rxc1 28. Rxc1 Qe7 29.
Qe5+ Qxe5 30. dxe5 g5 31. hxg5 Kg6 32. f4 1-0

[Event "Live Chess"]
[Site "Chess.com"]
[Date "2024.06.02"]
[Round "-"]
[White "GEMdzq"]
[Black "gobbles19"]
[Result "1-0"]
[WhiteElo "2307"]
[BlackElo "2213"]
[TimeControl "300"]
[EndTime "6:35:37 PDT"]
[Termination "GEMdzq won by resignation"]

1. Nf3 d5 2. c4 e6 3. d4 Nf6 4.
Bg5 Be7 5. e3 c6 6. Nc3 Nbd7 7.
Bd3 h6 8. Bh4 dxc4 9. Bxc4 b5 10. Bd3 O-O 11. O-O a6 12. Rc1 Bb7 13. Bxf6 Bxf6 14.
Ne4 Be7 15. Bb1 Rc8 16. Qd3 g6 17. Rfd1 Nf6 18. Nc5 Bxc5 19. Rxc5 a5 20. h4 h5 21.
Ng5 Qe7 22. Ne4 Ra8 23. Nxf6+ Qxf6 24. Rxh5 b4 25. Rc5 Ba6 26. Qe4 Bb5 27. Qg4 Rfd8 28.
h5 Kg7 29. hxg6 fxg6 30. Rg5 1-0

[Event "Live Chess"]
[Site "Chess.com"]
[Date "2024.06.02"]
[Round "-"]
[White "Tatarinov_Maxim"]
[Black "wadsy27"]
[Result "1-0"]
[WhiteElo "2290"]
[BlackElo "2573"]
[TimeControl "300"]
[EndTime "6:35:55 PDT"]
[Termination "Tatarinov_Maxim won on time"]

1. Nf3 d5 2. g3 Nf6 3. Bg2 Bg4 4. c4 c6 5. Ne5 Be6 6. cxd5 Bxd5 7. Nf3 c5 8. Nc3 Bc6 9. O-O e6 10. d3 Be7 11. a3 O-O 12. Rb1 b6 13. b4 cxb4 14. axb4 Nbd7 15. b5 Bb7 16. Bd2 Rc8 17. Qb3 Nc5 18.
Qa2 Nd5 19. Nxd5 Bxd5 20. Qb2 Bf6 21. Qb4 h6 22. Rfc1 e5 23. Be3 e4 24. dxe4 Bxe4 25.
Rd1 Qe7 26. Rbc1 Rfd8 27. Rxd8+ Rxd8 28. Nd2 Bxg2 29. Kxg2 Qb7+ 30. Nf3 Ne6 31. Rc6 Nc7 32. Bxh6 Nd5 33. Qg4 Qe7 34. Rxf6 Qxf6 35. Bg5 Qg6 36. Nh4 Qd6 37. Bxd8 Qxd8 38. Qd4 Qa8 39. Nf3 Nf6 40. Qc4 Qd5 41. Qxd5 Nxd5 42. Nd4 Nc3 43. Kf3 Kf8 44. Ke3 f6 45. Kd3 Nd5 46. Kc4 Ne7 47. e4 Kf7 48. f4 g5 49. h4 gxh4 50. gxh4 Ng6 51. f5 Nxh4 52. Nc6 Nf3 53. Nxa7 Ke7 54. Nc8+ Kd7 55. Nxb6+ Kd6 56. Nd5 Nd2+ 57. Kd3 Nb3 58. Nxf6 Kc5 59. Nd5 Kxb5 60. f6 Nc5+ 61. Kd4 Kc6 62.
f7 Ne6+ 63. Ke5 Kd7 64. Kf6 1-0

[Event "Live Chess"]
[Site "Chess.com"]
[Date "2024.06.02"]
[Round "-"]
[White "NAZRIZ1977"]
[Black "GerardATHart"]
[Result "1-0"]
[WhiteElo "2085"]
[BlackElo "1361"]
[TimeControl "300"]
[EndTime "6:36:10 PDT"]
[Termination "NAZRIZ1977 won by resignation"]

1. d4 f5 2. c4 Nf6 3. Nc3 g6 4. h4 Bg7 5. h5 g5 6. h6 Bf8 7. e3 g4 8. f3 e6 9. e4 Be7 10. e5 Ng8 11. fxg4 fxg4 12. Qxg4 Nc6 13. Qg7 1-0

[Event "Live Chess"]
[Site "Chess.com"]
[Date "2024.06.02"]
[Round "-"]
[White "bobby_jamesFischer86"]
[Black "imchessive"]
[Result "0-1"]
[WhiteElo "1641"]
[BlackElo "1594"]
[TimeControl "300"]
[EndTime "6:36:14 PDT"]
[Termination "imchessive won by checkmate"]

1. d4 g6 2. c4 Bg7 3. Nc3 d6 4. e4 Nf6 5. Nf3 O-O 6. Be2 c5 7. d5 Nbd7 8. h3 Rb8 9. O-O a6 10. Be3 Nh5 11. Qd2 e5 12. Bh6 Ndf6 13. Bxg7 Kxg7 14. Bd3 Nf4 15. Ne2 N6h5 16. g4 Nxe2+ 17.
Bxe2 Nf4 18. Kh2 Qd7 19. Ng1 Rh8 20. f3 h5 21. Kg3 h4+ 22. Kh2 b5 23. b3 bxc4 24. bxc4 Qa4 25. Rab1 Bd7 26. Rfc1 Rb4 27. Rxb4 cxb4 28. Qc2 Qxc2 29. Rxc2 Ba4 30. Rb2 a5 31. Bf1 Rc8 32. Ne2 Nd3 33. Rd2 Nc5 34. Nc1 b3 35.
axb3 Nxb3 36. Nxb3 Bxb3 37. c5 dxc5 38. d6 Rd8 39. d7 Be6 40. Bb5 Kf8 41. Rc2 c4 42. Bxc4 Bxc4 43. Rxc4 Rxd7 44. Rc5 Ra7 45. Rxe5 a4 46. Rc5 a3 47. Rc1 a2 48. Ra1 Ke7 49.
Kg1 Kd6 50. Kf2 Kc5 51. Ke3 Kb4 52. Kf4 Kb3 53. Kg5 Kb2 54. Rd1 a1=Q 55. Rxa1 Rxa1 56. Kxh4 Ra5 57. f4 Kc3 58. f5 gxf5 59. exf5 Kd4 60. Kg5 Ra6 61. h4 Ke5 62. h5 Ra8 63. h6 Rh8 64.
Kh5 Kf6 65. g5+ Kxf5 66. g6 fxg6+ 67. Kh4 Rxh6+ 68. Kg3 Ke4 69. Kf2 Rh4 70. Kg3 Rf4 71. Kg2 Ke3 72. Kg3 Rb4 73. Kh3 Rb2 74. Kh4 Rf2 75.
Kg5 Ke4 76. Kh6 g5 77. Kg7 g4 78. Kg6 g3 79. Kh7 g2 80. Kg7 g1=Q+ 81. Kh8 Rh2# 0-1

[Event "Live Chess"]
[Site "Chess.com"]
[Date "2024.06.02"]
[Round "-"]
[White "lateforthesky"]
[Black "davigator"]
[Result "0-1"]
[WhiteElo "2065"]
[BlackElo "2358"]
[TimeControl "300"]
[EndTime "6:36:29 PDT"]
[Termination "davigator won on time"]

1. e4 c5 2. Nf3 Nc6 3. Bb5 g6 4. O-O Bg7 5. Re1 Nf6 6. e5 Nd5 7. Nc3 Nc7 8. Bxc6 dxc6 9. Ne4 Ne6 10. d3 b6 11. h3 h6 12. a4 a5 13. Ng3 Qd5 14. c4 Qd7 15. Be3 Ba6 16. Qd2 Rd8 17. Rad1 Kf8 18. b3 Kg8 19. h4 Kh7 20. h5 Bc8 21. Nh2 Nd4 22. Bxd4 Qxd4 23. hxg6+ fxg6 24. Re4 Qd7 25. d4 e6 26. Ne2 Qe7 27. Qc2 Bb7 28.
Ng4 cxd4 29. Rdxd4 c5 30. Rxd8 Rxd8 31. Re3 Qh4 32.
Rg3 Qh5 33. Nf4 Qf5 34. Qxf5 exf5 35. Nf6+ Bxf6 36. exf6 g5 37. Ne6 Rd1+ 38. Kh2 Kg6 39. Re3 Kxf6 40. Nf8 Rd6 41. Nh7+ Kg6 42. Re7 Bc8 0-1

[Event "Live Chess"]
[Site "Chess.com"]
[Date "2024.06.02"]
[Round "-"]
[White "TheSmoulderingMaster"]
[Black "Crowded_House"]
[Result "1/2-1/2"]
[WhiteElo "1762"]
[BlackElo "1627"]
[TimeControl "300"]
[EndTime "6:36:32 PDT"]
[Termination "Game drawn by agreement"]

1. e4 e6 2. d4 d5 3. Nc3 dxe4 4. Nxe4 Bd7 5. Nf3 Bc6 6. Bd3 Nf6 7. Bg5 Be7 8. Bxf6 Bxf6 9. O-O Nd7 10. c3 O-O 11.
Qc2 h6 12. Rfe1 Nb6 13. Rad1 Nd5 14. c4 Nb4 15. Qc3 Nxd3 16. Qxd3 b6 17. d5 exd5 18. cxd5 Bb7 19. Rc1 Bxb2 20. Rc2 Bf6 21. Rec1 Rc8 22. d6 cxd6 23. Rxc8 Bxc8 24. Nxd6 Be6 25. Rd1 Be7 26. Ne4 Qxd3 27. Rxd3 Rd8 28. Rxd8+ Bxd8 29. Ne5 Bxa2 30. Nc6 Bc7 31. Nxa7 Bd5 32. Nc3 Bb7 33. Nab5 Be5 34. Na4 Bc6 35. Nac3 Bxb5 36. Nxb5 Kf8 37. f3 Ke7 38.
Kf2 Kd7 39. Ke3 Kc6 40. Na3 b5 41. h3 b4 42. Nc4 Bf6 43. Kd3 Kc5 44. Ne3 g6 45. Kc2 Kd4 46. Nd1 Kc4 47. Ne3+ Kb5 48. Ng4 Bg7 49. Kb3 Kc5 50. Nf2 Kd4 51. Kxb4 Ke3 52. Ng4+ Kf4 53. Kc4 Kg3 54. Ne3 Bf8 55. Kd3 Bc5 56. Ng4 Kxg2 57. Ke4 h5 58. Ne5 f5+ 59.
Kd3 g5 60. Ke2 Kxh3 61. Nf7 g4 62. fxg4 hxg4 63. Kf1 f4 64. Ng5+ Kh4 65. Ne6 Ba7 66. Nxf4 g3 67. Kg2 Bb8 68. Ng6+ Kg4 69. Ne7 Ba7 1/2-1/2

[Event "Live Chess"]
[Site "Chess.com"]
[Date "2024.06.02"]
[Round "-"]
[White "f4nomore"]
[Black "Duke_of_Bebington"]
[Result "0-1"]
[WhiteElo "1277"]
[BlackElo "1600"]
[TimeControl "300"]
[EndTime "6:36:47 PDT"]
[Termination "Duke_of_Bebington won by resignation"]

1. c4 c6 2. Nc3 d5 3. cxd5 cxd5 4. d4 e5 5. e3 exd4 6. Qxd4 Nf6 7. Nf3 Nc6 8. Bb5 Bd7 9. Bxc6 Bxc6 10. O-O Be7 11. Ne5 O-O 12. Nxc6 bxc6 13. Bd2 Qb6 14. Qxb6 axb6 15.
b3 Bb4 16. Rfc1 c5 17. Be1 Rfe8 18. Na4 Bxe1 19. Rxe1 Rab8 20. Rec1 Ne4 21. h3 Rec8 22. f3 Nd6 23. Rc2 Nb5 24. Rac1 d4 25. exd4 Nxd4 26. Rf2 Re8 27. Kh2 Re6 28. Nc3 Rbe8 29. Ne4 f5 30. Ng5 Re2 31. Rxe2 Rxe2 32. h4 Rxa2 33. Re1 Kf8 34.
Re5 h6 35. Rd5 hxg5 36. hxg5 Nxf3+ 37. Kg3 Nxg5 38. Rxf5+ Nf7 39. Rd5 Ra3 40. Re5 Nxe5 0-1

[Event "Live Chess"]
[Site "Chess.com"]
[Date "2024.06.02"]
[Round "-"]
[White "MagnersCarlsberg2870"]
[Black "missedJariChance"]
[Result "1-0"]
[WhiteElo "1770"]
[BlackElo "1384"]
[TimeControl "300"]
[EndTime "6:36:48 PDT"]
[Termination "MagnersCarlsberg2870 won by checkmate"]

1. d4 d5 2. Bf4 c5 3. e3 e6 4.
Nd2 Bd6 5. Bg3 Nc6 6. c3 Nf6 7. Bd3 O-O 8. Ngf3 Re8 9. Ne5 a6 10. a4 cxd4 11. exd4 Qc7 12. f4 h6 13. Bf2 Na5 14.
g4 Nd7 15. g5 Nxe5 16. fxe5 Be7 17. gxh6 g6 18. Rg1 Nc6 19. Qh5 Bf8 20. Bh4 Kh7 21.
Bxg6+ fxg6 22. Qxg6+ Kh8 23. Bf6+ Qg7 24. Bxg7+ Bxg7 25.
Qxg7# 1-0

[Event "Live Chess"]
[Site "Chess.com"]
[Date "2024.06.02"]
[Round "-"]
[White "elephantgerrald"]
[Black "dmitro74"]
[Result "0-1"]
[WhiteElo "871"]
[BlackElo "1734"]
[TimeControl "300"]
[EndTime "6:36:54 PDT"]
[Termination "dmitro74 won on time"]

1. e4 e6 2. d4 d5 3. e5 c5 4. dxc5 Bxc5 5. Nf3 Qb6 6. Nc3 Bxf2+ 7. Ke2 Bd7 8. Qd3 Ne7 9. Be3 Bxe3 10. Qxe3 Qxe3+ 11. Kxe3 Nf5+ 12. Kf2 a6 13. Kg1 Nc6 14. Ng5 h6 15.
Nf3 Ncd4 0-1

[Event "Live Chess"]
[Site "Chess.com"]
[Date "2024.06.02"]
[Round "-"]
[White "gobbles19"]
[Black "Ksenia_2013"]
[Result "1-0"]
[WhiteElo "2213"]
[BlackElo "967"]
[TimeControl "300"]
[EndTime "6:36:58 PDT"]
[Termination "gobbles19 won by checkmate"]

1. e4 e5 2. d4 Bd6 3. Bc4 Nf6 4. dxe5 Nxe4 5. exd6 cxd6 6. Bxf7+ Kxf7 7. Qd5+ Ke8 8.
Qxe4+ Kf8 9. Nf3 Kf7 10. O-O Re8 11. Qd5+ Kf8 12. Ng5 Nc6 13. Nxh7+ Ke7 14. Bg5# 1-0

[Event "Live Chess"]
[Site "Chess.com"]
[Date "2024.06.02"]
[Round "-"]
[White "JoeyCage"]
[Black "yarek"]
[Result "1-0"]
[WhiteElo "2397"]
[BlackElo "1746"]
[TimeControl "300"]
[EndTime "6:37:00 PDT"]
[Termination "JoeyCage won by resignation"]

1. e4 g6 2. d4 Bg7 3. Nf3 c6 4. c4 d5 5. e5 Bg4 6. Nc3 e6 7. Be3 h5 8. h3 Bxf3 9. Qxf3 Nh6 10. g4 h4 11. Bd3 dxc4 12. Bxc4 Nd7 13. Ne4 Bf8 14. O-O Be7 15. a3 Nb6 16. Bd3 Nd5 17.
Bd2 Qb6 18. Rfd1 Qxd4 19. Nf6+ Nxf6 20. exf6 Qxf6 21. Qxf6 Bxf6 22. g5 Bxb2 23. Rab1 Bxa3 24. gxh6 b5 25. Be4 Rc8 26. Bg5 O-O 27. Bxh4 Kh7 28. Bg5 f6 29. Be3 a5 30. Rd7+ Kh8 31. Bxg6 1-0

[Event "Live Chess"]
[Site "Chess.com"]
[Date "2024.06.02"]
[Round "-"]
[White "KyryloPoluliakh"]
[Black "megabusyman"]
[Result "0-1"]
[WhiteElo "1536"]
[BlackElo "1836"]
[TimeControl "300"]
[EndTime "6:37:11 PDT"]
[Termination "megabusyman won by checkmate"]

1. c4 e5 2. Nc3 Nc6 3. g3 f5 4. Bg2 Nf6 5. e3 d6 6. Nge2 Be7 7. d4 e4 8. O-O O-O 9. f3 exf3 10. Bxf3 g6 11.
Nd5 Nb8 12. Nxe7+ Qxe7 13. Nf4 c6 14. b4 Ne4 15. Qb3 Nd7 16. b5 Ndf6 17. bxc6 bxc6 18. Qc2 Ba6 19. Re1 d5 20. cxd5 cxd5 21. Qb3 Bc4 22. Qa4 Rfc8 23. Ba3 Qf7 24. Rac1 Nd2 25. Bg2 Nfe4 26.
Bxe4 Nxe4 27. Rc2 g5 28. Nh3 Rc7 29. Nf2 Re8 30. Nxe4 Rxe4 31. Bc5 a6 32. a3 Rb7 33. Qc6 Bb5 34. Qc8+ Re8 35. Qxb7 Qxb7 36. Bb4 Bd3 37. Rc3 Bc4 38. Kg2 Re4 39. Kf2 Qf7 40. Kf3 Qh5+ 41. Kg2 f4 42. Rd1 Qxd1 43. Rxc4 dxc4 44. exf4 Re2+ 45. Kf3 Rxh2+ 46. Ke4 Qe2+ 47. Kd5 Qe8 48. Kxc4 gxf4 49. Bc5 Rh5 50. gxf4 Qb5+ 51. Kc3 Rh3+ 52.
Kd2 Qf1 53. Kc2 Qg2+ 54. Kd1 Rh1# 0-1

[Event "Live Chess"]
[Site "Chess.com"]
[Date "2024.06.02"]
[Round "-"]
[White "LL220284LL"]
[Black "beltmanjb"]
[Result "1-0"]
[WhiteElo "2479"]
[BlackElo "1683"]
[TimeControl "300"]
[EndTime "6:37:12 PDT"]
[Termination "LL220284LL won by checkmate"]

1. e3 c5 2. b3 Nc6 3. Bb2 e5 4. d3 d6 5. g3 Be6 6. Bg2 g6 7. Nf3 Bg7 8. O-O Nge7 9. Nbd2 O-O 10. h4 h5 11. Ng5 Bg4 12. f3 Bd7 13. g4 d5 14.
gxh5 gxh5 15. f4 Bg4 16. Bf3 Nf5 17. Bxg4 Nxe3 18. Qe2 Nxg4 19. fxe5 Ncxe5 20. Kh1 Qc7 21. Ndf3 Rae8 22. Nxe5 Nxe5 23. Qxh5 Ng6 24. Qh7# 1-0

[Event "Live Chess"]
[Site "Chess.com"]
[Date "2024.06.02"]
[Round "-"]
[White "Colm_Buckley"]
[Black "Mikhail_Golubev"]
[Result "0-1"]
[WhiteElo "1884"]
[BlackElo "2490"]
[TimeControl "300"]
[EndTime "6:37:45 PDT"]
[Termination "Mikhail_Golubev won by resignation"]

1. d4 Nf6 2. c4 g6 3. Nc3 Bg7 4. e4 d6 5. Be2 O-O 6. Nf3 e5 7.
O-O Nc6 8. dxe5 dxe5 9. Be3 Bg4 10. Qa4 Nd4 11. Nxd4 exd4 12. Bxg4 Nxg4 13. Rfd1 Qh4 14. h3 Nxe3 15. fxe3 dxc3 16. bxc3 Qxe4 0-1

[Event "Live Chess"]
[Site "Chess.com"]
[Date "2024.06.02"]
[Round "-"]
[White "RichardABates"]
[Black "McCarthyStone"]
[Result "1-0"]
[WhiteElo "2367"]
[BlackElo "2460"]
[TimeControl "300"]
[EndTime "6:37:56 PDT"]
[Termination "RichardABates won by resignation"]

1. d4 Nf6 2. Nf3 g6 3. g3 Bg7 4.
c4 O-O 5. Bg2 c6 6. O-O d6 7.
Nc3 Qa5 8. e4 Bg4 9. h3 Bxf3 10.
Qxf3 Nfd7 11. Rd1 Qb4 12. b3 e5 13. d5 f5 14. Bd2 Qb6 15. exf5 gxf5 16. dxc6 Nxc6 17. Be3 Qa5 18. Qd5+ Qxd5 19. Nxd5 e4 20. Rac1 Nde5 21. Nf4 Nb4 22. Rxd6 Nbd3 23. Rd1 Rf7 24. Nxd3 Nxd3 25. R1xd3 exd3 26. Bd5 Bf8 27. Rd7 1-0

[Event "Live Chess"]
[Site "Chess.com"]
[Date "2024.06.02"]
[Round "-"]
[White "McFim"]
[Black "V1nas"]
[Result "1-0"]
[WhiteElo "1782"]
[BlackElo "1314"]
[TimeControl "300"]
[EndTime "6:38:40 PDT"]
[Termination "McFim won by resignation"]

1. e4 Nf6 2. e5 Nd5 3. d4 d6 4. Nf3 dxe5 5. dxe5 c6 6. c4 Nb6 7. Qxd8+ Kxd8 8. Nc3 Bg4 9. Nd4 e6 10. f3 Bh5 11. g4 Bg6 12. h4 h5 13. Be3 Bb4 14.
O-O-O Bxc3 15. bxc3 hxg4 16. fxg4 N8d7 17. Bf4 Be4 18.
Rh2 Na4 19. Kd2 Ndc5 20. h5 Kc7 21. Rc1 Rad8 22. Ke3 g5 23. Bxg5 Rdg8 24. Bf6 Rh7 25. g5 Bg6 26. h6 Rd8 27. Bxd8+ Kxd8 28. Rf2 Ke7 29. Nb3 Nd7 30. Kf4 Nab6 31. Rd2 Nxc4 32.
Bxc4 Nb6 33. Rd4 Bf5 34. Nc5 1-0

[Event "Live Chess"]
[Site "Chess.com"]
[Date "2024.06.02"]
[Round "-"]
[White "CarmelJane"]
[Black "booktrunk"]
[Result "1-0"]
[WhiteElo "1999"]
[BlackElo "1499"]
[TimeControl "300"]
[EndTime "6:38:40 PDT"]
[Termination "CarmelJane won by resignation"]

1. e4 b6 2. d4 Bb7 3. Bd3 e6 4.
Qe2 h6 5. Nf3 Nf6 6. O-O Be7 7.
e5 Nh7 8. Be4 Bxe4 9. Qxe4 c6 10. c4 Ng5 11. Nxg5 Bxg5 12. Nc3 Bxc1 13. Raxc1 O-O 14. d5 cxd5 15. cxd5 exd5 16. Nxd5 Nc6 17.
f4 Re8 18. Qf3 Nd4 19. Qg4 Rc8 20. Nf6+ Kh8 21. Rxc8 Qxc8 22. Nxe8 Qxe8 23. Rd1 Ne6 24. Qf3 g5 25. f5 Nc5 26. Qd5 Kg7 27. Qd4 Kf8 28.
f6 Kg8 29. b4 Ne6 30. Qxd7 Qxd7 31. Rxd7 Kf8 32. Rxa7 Ke8 33. Rb7 Nd4 34. Rxb6 Kd7 35. Rb7+ Kc6 36. Rxf7 Kb5 37. Rb7+ Ka4 38. f7 Ne6 39.
Re7 Nf8 40. Re8 Nd7 41. f8=Q Nxf8 42. Rxf8 1-0

[Event "Live Chess"]
[Site "Chess.com"]
[Date "2024.06.02"]
[Round "-"]
[White "IgorSchukin"]
[Black "dhairyapandyauk"]
[Result "0-1"]
[WhiteElo "1773"]
[BlackElo "1654"]
[TimeControl "300"]
[EndTime "6:38:50 PDT"]
[Termination "dhairyapandyauk won by resignation"]

1. e4 e5 2. Nf3 Nc6 3. Nc3 Bc5 4.
Nxe5 Bxf2+ 5. Kxf2 Nxe5 6. d4 Ng6 7. Bc4 d6 8. Rf1 Be6 9. Qe2 Nf6 10. Kg1 O-O 11. Bg5 h6 12. Bxf6 gxf6 13. Nd5 Bxd5 14.
Bxd5 c6 15. Bb3 Kg7 16. Rae1 Re8 17. Qf3 Qe7 18. c4 Nf8 19. Qg3+ Ng6 20. h4 h5 21. e5 dxe5 22. dxe5 fxe5 23. Rf5 Qxh4 24. Qc3 Qd4+ 25. Qxd4 exd4 26. Rxe8 Rxe8 27. Rxh5 Re1+ 28. Kf2 Rb1 29.
c5 Rxb2+ 30. Kf3 Rxg2 31. Ke4 Rg4+ 32. Kf3 Rf4+ 33. Ke2 f5 34. Bc2 Kf6 35. Rh7 Ne7 36. Bb3 Re4+ 37. Kd3 Rg4 38. Rf7+ Kg5 39. Rxe7 f4 40.
Kxd4 f3+ 41. Ke3 Rg3 42. Kf2 Rh3 43. Rg7+ Kf4 44. Rf7+ Ke4 45. Rxb7 Rh2+ 46. Kf1 Rh1+ 47. Kf2 Rh2+ 48. Ke1 Rh1+ 49. Kd2 Rh2+ 50. Kc3 f2 51. Rf7 Ke3 52. Bc4 Rh1 53. Rf6 Rc1+ 54. Kb2 Rxc4 55.
Re6+ Kf3 56. Rxc6 f1=Q 57. Rf6+ Rf4 58. Rxf4+ Kxf4 59. Kb3 Qb5+ 0-1

[Event "Live Chess"]
[Site "Chess.com"]
[Date "2024.06.02"]
[Round "-"]
[White "NAZRIZ1977"]
[Black "Tatarinov_Maxim"]
[Result "0-1"]
[WhiteElo "2081"]
[BlackElo "2294"]
[TimeControl "300"]
[EndTime "6:38:55 PDT"]
[Termination "Tatarinov_Maxim won by resignation"]

1. d4 Nf6 2. c4 c5 3. d5 b5 4.
cxb5 a6 5. b6 e6 6. Nc3 exd5 7.
Nxd5 Nxd5 8. Qxd5 Nc6 9. Nf3 Be7 10. e4 O-O 11. a3 Qxb6 12. Bd3 Bb7 13. Qh5 g6 14. Qh6 Bf6 15. Ng5 Bxg5 16. Bxg5 Ne5 17.
Be2 Bxe4 18. f4 Qxb2 19. Bf6 Qxa1+ 20. Kd2 Nc4+ 21. Bxc4 Qxf6 0-1

[Event "Live Chess"]
[Site "Chess.com"]
[Date "2024.06.02"]
[Round "-"]
[White "Frankie_Badacsonyi"]
[Black "ACM42"]
[Result "1-0"]
[WhiteElo "2379"]
[BlackElo "2204"]
[TimeControl "300"]
[EndTime "6:39:04 PDT"]
[Termination "Frankie_Badacsonyi won by resignation"]

1. d4 Nf6 2. Bg5 Ne4 3. Bf4 d5 4. f3 Nd6 5. Nc3 c6 6. e3 g6 7. Bd3 Bg7 8. Nge2 Nd7 9. O-O e5 10. dxe5 Nxe5 11. e4 dxe4 12. Nxe4 Nxe4 13. Bxe4 O-O 14.
Qxd8 Rxd8 15. Rfd1 Be6 16. Nd4 Bc4 17. b3 Ba6 18. c3 h6 19. Be3 f5 20. Bc2 Kf7 21. Kf2 b6 22. Rac1 c5 23. Ne2 Nd3+ 24. Bxd3 Bxd3 25.
c4 g5 26. g3 Rd7 27. Nc3 f4 28. gxf4 gxf4 29. Bxf4 Bf5 30. Rxd7+ Bxd7 31. Nd5 Re8 32. Re1 Bd4+ 33. Be3 Bc3 34. Rd1 Be5 35. Nxb6 Bc6 36.
Nd5 Bxh2 37. Rh1 Be5 38. Rxh6 Ba8 39. Bxc5 Kg7 40. Rh1 a5 41. Rd1 Rc8 42. Bd4 Bxd4+ 43. Rxd4 Bc6 44. Rg4+ Kf7 45. Rf4+ Kg7 46. Ke2 a4 47.
Kd3 Rb8 48. Kc3 Rc8 49. Ne7 Rc7 50. Nxc6 Rxc6 51. b4 Re6 52. b5 Re3+ 53. Kb4 a3 54. b6 Re1 55. Kxa3 Rb1 56. c5 1-0

[Event "Live Chess"]
[Site "Chess.com"]
[Date "2024.06.02"]
[Round "-"]
[White "mrsmarple1968"]
[Black "upoe610"]
[Result "1-0"]
[WhiteElo "1740"]
[BlackElo "2138"]
[TimeControl "300"]
[EndTime "6:39:17 PDT"]
[Termination "mrsmarple1968 won by resignation"]

1. e4 e5 2. Bc4 Nf6 3. d3 Nc6 4. Nf3 Bc5 5. O-O a6 6. c3 Bb6 7. Bb3 d6 8. Re1 h6 9. Nbd2 O-O 10. Nf1 Ng4 11. Re2 Kh8 12. h3 f5 13. hxg4 fxg4 14.
N3h2 g3 15. Nxg3 Qh4 16. Be3 Bxe3 17. Rxe3 Bd7 18. Nf3 Qf6 19. d4 Ne7 20. dxe5 Qg6 21. exd6 cxd6 22. e5 Bg4 23. exd6 Nf5 24. Nxf5 Rxf5 25.
Bc2 Raf8 26. Bxf5 Rxf5 27. d7 Bh3 28. g3 Rf8 29. d8=Q Rxd8 30. Qxd8+ Kh7 31. Qd3 Bf5 32. Qd4 Qh5 33. Re5 Qxf3 34. Qf4 Qxf4 35. gxf4 Bg6 1-0

[Event "Live Chess"]
[Site "Chess.com"]
[Date "2024.06.02"]
[Round "-"]
[White "KyryloPoluliakh"]
[Black "LL220284LL"]
[Result "0-1"]
[WhiteElo "1536"]
[BlackElo "2479"]
[TimeControl "300"]
[EndTime "6:39:23 PDT"]
[Termination "LL220284LL won by resignation"]

1. c4 e5 2. Nc3 Nf6 3. g3 c6 4.
Bg2 d5 5. cxd5 cxd5 6. d4 e4 7. e3 Nc6 8. Nge2 Bd6 9. O-O h5 10. h4 Ng4 11. f3 exf3 12. Bxf3 Ne7 13. Nf4 Nf5 14. Ncxd5 Nxg3 15. Re1 Qxh4 16. Bxg4 hxg4 17. Ng2 Qh1+ 18. Kf2 Ne4+ 19. Ke2 Qxg2+ 20. Kd3 Nf2+ 21. Kc4 Nxd1 0-1

[Event "Live Chess"]
[Site "Chess.com"]
[Date "2024.06.02"]
[Round "-"]
[White "JanMur7"]
[Black "Plimsol"]
[Result "1-0"]
[WhiteElo "2297"]
[BlackElo "2343"]
[TimeControl "300"]
[EndTime "6:39:35 PDT"]
[Termination "JanMur7 won on time"]

1. c4 e6 2. Nc3 b6 3. Nf3 Bb7 4. g3 Nf6 5. Bg2 c5 6. O-O a6 7.
d4 cxd4 8. Nxd4 Bxg2 9. Kxg2 Qc8 10. b3 Be7 11. f3 Qb7 12. e4 d6 13. Be3 Nbd7 14. Qd2 O-O 15. Rad1 Rac8 16. Nde2 Rfd8 17. Qc2 b5 18. cxb5 axb5 19. b4 Ne5 20. Bf2 Ra8 21.
Qb3 Rdc8 22. Nd4 d5 23. exd5 Nxd5 24. Nxd5 exd5 25. Nf5 Nc4 26. Nxe7+ Qxe7 27. Rxd5 Ra3 28. Qd1 Rxa2 29. Re1 Qf6 30. Rxb5 Qb2 31. Kh3 Qxf2 32.
Rc5 Qxh2+ 33. Kg4 h5+ 34. Kf4 Rxc5 35. Re8+ Kh7 36. bxc5 Qd2+ 37. Qxd2 Rxd2 38. c6 Rc2 39.
c7 Nd6 40. Rd8 Rxc7 41. Rxd6 f6 42. Ke3 Kg6 43. Rd5 Rc2 44. g4 h4 45. Rh5 Rh2 46. Kf4 Kf7 47. g5 Kg6 48. gxf6 gxf6 49. Rh8 Rh1 50.
Kg4 f5+ 51. Kf4 h3 52. Rh4 h2 53. Rh3 Kf6 54. Rh6+ Kg7 55. Rh5 Kg6 56. Rh8 Kf6 57. Rh3 Ke6 58. Rh6+ Kf7 59. Kxf5 Rf1 60. Rxh2 Rxf3+ 61. Ke4 Rf6 62. Rh7+ Ke6 63. Rh1 Rg6 64. Re1 Rg4+ 65. Kf3+ 1-0

[Event "Live Chess"]
[Site "Chess.com"]
[Date "2024.06.02"]
[Round "-"]
[White "nyclone"]
[Black "Ferrarifan27"]
[Result "0-1"]
[WhiteElo "1147"]
[BlackElo "2141"]
[TimeControl "300"]
[EndTime "6:39:39 PDT"]
[Termination "Ferrarifan27 won by resignation"]

1. e4 e5 2. Nc3 Nc6 3. Bc4 Bc5 4. Qg4 g6 5. Qf3 Nf6 6. Nd5 Nxd5 7. Bxd5 O-O 8. d3 Nd4 9. Qd1 Qf6 10. Nf3 Nxf3+ 11.
gxf3 c6 12. Bb3 d6 13. Be3 Bxe3 14. fxe3 Bh3 15. Rg1 Rad8 16. Qe2 d5 17. O-O-O Be6 18. Rg3 a5 19. a3 dxe4 20. Bxe6 exf3 21. Bxf7+ Qxf7 22.
Qf2 Rd6 23. Rf1 Rf6 24. h4 Qa2 25. c4 b5 26. h5 bxc4 27. hxg6 hxg6 28. Rxf3 Rxf3 29. Qxf3 Rxf3 30. Rxf3 cxd3 31. e4 Qa1+ 32. Kd2 Qxb2+ 33. Kxd3 Qxa3+ 34. Ke2 Qxf3+ 35. Kxf3 Kf7 0-1